 Dungeon Crawl Stone Soup version 0.22-a0-412-g2b68d144a4 (webtiles) character file.

72 Kriby the Ruffian (level 4, -4/45 HPs)
             Began as a Troll Monk on May 12, 2018.
             Slain by Perturabo's ghost (9 damage)
             ... on level 3 of the Dungeon.
             The game lasted 00:00:48 (879 turns).

Kriby the Ruffian (Troll Monk)                       Turns: 879, Time: 00:00:49

Health: -4/45      AC:  5    Str: 20    XL:     4   Next: 7%
Magic:  3/3        EV: 10    Int:  6    God:
Gold:   39         SH:  0    Dex: 12    Spells: 3/3 levels left

rFire    . . .     SeeInvis .     - Unarmed
rCold    . . .     Gourm    +   (no shield)
rNeg     . . .     Faith    .   a - +0 robe
rPois    .         Spirit   .   (helmet restricted)
rElec    .         Reflect  .   (no cloak)
rCorr    .         Harm     .   (gloves unavailable)
MR       .....                  (boots unavailable)
Stlth    ++........             (no amulet)
HPRegen  0.55/turn              (no ring)
MPRegen  0.08/turn              (no ring)

@: lethally poisoned (-4 -> -4)
A: large, unfitting armour, claws 3, fast metabolism 3, gourmand, regeneration
1, shaggy fur 1, tough skin 2
a: no special abilities


You were on level 3 of the Dungeon.
You were very full.

You visited 1 branch of the dungeon, and saw 3 of its levels.

You collected 39 gold pieces.

Inventory:

Armour
 a - a +0 robe (worn)
Wands
 k - a wand of random effects (8)
Scrolls
 c - a scroll of enchant weapon {unknown}
 g - 2 scrolls of immolation {unknown}
 h - a scroll of identify {unknown}
 i - a scroll of teleportation {unknown}
 j - a scroll of blinking {unknown}
Potions
 e - a potion of haste {unknown}
 f - a potion of curing {unknown}
Comestibles
 b - 6 rations
 d - 2 chunks of flesh


   Skills:
 + Level 3.0 Fighting
 - Level 2.4 Dodging
 - Level 1.0 Stealth
 * Level 4.4 Unarmed Combat


You had 3 spell levels left.
You didn't know any spells.
Your spell library was empty.

Dungeon Overview and Level Annotations

Branches:
Dungeon (3/15)

Altars:
Dithmenos

Annotations:
D:3 Perturabo's ghost, amateur FoFi


Innate Abilities, Weirdness & Mutations

You are too large for most types of armour.
You have claws for hands.
Your metabolism is lightning-fast.
You like to eat raw meat.
Your natural rate of healing is unusually fast.
You are covered in fur. (AC +1)
You have very tough skin. (AC +2)


Message History

Perturabo's ghost is lightly damaged.
You feel sick. Perturabo's ghost barely misses you.
You closely miss Perturabo's ghost.
Perturabo's ghost is lightly damaged.
Perturabo's ghost hits you.
You scratch Perturabo's ghost.
Perturabo's ghost is lightly damaged.
Perturabo's ghost hits you.
You scratch Perturabo's ghost but do no damage.
Perturabo's ghost is lightly damaged.
Perturabo's ghost says, "You can hit me, but you can't hurt me."
Perturabo's ghost hits you!
You scratch Perturabo's ghost but do no damage.
Perturabo's ghost is lightly damaged.
You feel sick. Perturabo's ghost hits you!
* * * LOW HITPOINT WARNING * * *
You scratch Perturabo's ghost.
Perturabo's ghost is moderately damaged.
Perturabo's ghost hits you!
You die...

#.# #.. #.# #.# #.# #.#
###############.# #.#
#.#...............####.#
K.....................#
#...............(#.#
#.#.#.#####........#
#K#@#.# #....)....
#.#.###.#W#.# #.........
.......W.K#.# #.........
......#.###.# #........#
....? #.# ... #........#
.... #.# ... #........#
!.. #.# ... #........#
.. ..# ######.#.# . ###
#.#..


You could see Perturabo's ghost and a kobold.

Vanquished Creatures
  3 adders
  An ooze (D:2)
  2 dart slugs
  2 leopard geckos
  A ball python (D:1)
  2 giant cockroaches
  5 goblins
  5 hobgoblins
  4 kobolds
  A quokka (D:2)
  5 bats
  2 frilled lizards (D:2)
  3 rats
36 creatures vanquished.

Notes
Turn   | Place    | Note
-------+----------+-------------------------------------------
     0 | D:1      | Kriby the Troll Monk began the quest for the Orb.
     0 | D:1      | Reached XP level 1. HP: 22/22 MP: 0/0
   134 | D:1      | Reached XP level 2. HP: 29/29 MP: 1/1
   319 | D:1      | You fall through a shaft!
   338 | D:2      | Found a shadowy altar of Dithmenos.
   507 | D:2      | Reached XP level 3. HP: 36/36 MP: 2/2
   660 | D:2      | Reached skill level 4 in Unarmed Combat
   861 | D:3      | Noticed Perturabo's ghost (amateur FoFi)
   871 | D:3      | Reached XP level 4. HP: 37/45 MP: 3/3
   879 | D:3      | Slain by Perturabo's ghost

Vault maps used:
D:1:      co_arrival_random_square_maze
D:2:      nicolae_dithmenos_through_a_glass_darkly
D:3:      chequers_temple_overflow_statue_of_worship,
          grunt_temple_overflow_octagram, first_ration, st_stairs_10,
          hangedman_decor_points

Skill      XL: |  1  2  3 |
---------------+----------+-----
Unarmed Combat | 4 |  4.4
Fighting       | 3 |  3.0
Dodging        | |  2.4
Stealth        | |  1.0

Action                   |  1- 3 |  4- 6 || total
-------------------------+-------+-------++-------
Melee: Unarmed           |    84 |     8 ||    92
       Punch             |     1 |       ||     1
 Stab: Sleeping          |     4 |       ||     4
  Eat: Chunk             |    13 |       ||    13
Armor: Robe              |    30 |       ||    30
Dodge: Dodged            |    46 |     3 ||    49

Table legend:
 A = Spawn XP
 B = Non-spawn XP
 C = Spawn XP percentage of total XP
 D = Spawn monster count
 E = Non-spawn monster count
 F = Spawn count percentage of total count
 G = Total turns spent on level
                    A         B        C        D         E        F      G
               +---------+---------+-------+---------+---------+-------+---------
         Total |       0 |     104 |   0.0 |       0 |      36 |   0.0 |   879
               +---------+---------+-------+---------+---------+-------+---------
           D:1 |       0 |      25 |   0.0 |       0 |      12 |   0.0 |   319
           D:2 |       0 |      46 |   0.0 |       0 |      17 |   0.0 |   460
           D:3 |       0 |      33 |   0.0 |       0 |       7 |   0.0 |   100
               +---------+---------+-------+---------+---------+-------+---------
